 Dungeon Crawl Stone Soup version 0.22-a0-305-gd21a89c (webtiles) character file.

248 Sergey the Covered (level 6, -3/39 HPs)
             Began as a Tengu Wanderer on Mar 29, 2018.
             Was a Follower of Cheibriados.
             Splashed by a jelly's acid (6 damage)
             ... on level 5 of the Dungeon.
             The game lasted 00:13:06 (1608 turns).

Sergey the Covered (Tengu Wanderer)                 Turns: 1608, Time: 00:13:06

Health: -3/39      AC: 10    Str: 20    XL:     6   Next: 12%
Magic:  16/16      EV: 15    Int: 15    God:    Cheibriados [*.....]
Gold:   117        SH:  0    Dex: 17    Spells: 5/5 levels left

rFire    . . .     SeeInvis .   s - +0 hand crossbow
rCold    . . .     Gourm    .   (no shield)
rNeg     . . .     Faith    .   a - +2 scale mail
rPois    .         Spirit   .   k - +0 hat
rElec    .         Reflect  .   d - +2 cloak
rCorr    +         Harm     .   (no gloves)
MR       .....                  (boots unavailable)
Stlth    +.........             (no amulet)
HPRegen  0.13/turn              p - ring of magical power
MPRegen  0.15/turn              u - ring of resist corrosion

@: agile, corroded, very slightly contaminated, very slow
A: beak, talons 3, iridescent scales 1, clumsy 1, robust 1, able to fly 1
a: Fly, Bend Time, Renounce Religion


You were on level 5 of the Dungeon.
You worshipped Cheibriados.
Cheibriados was aware of your devotion.
You were not hungry.

You visited 2 branches of the dungeon, and saw 6 of its levels.

You collected 117 gold pieces.

Inventory:

Hand Weapons
 n - a +1 dagger of venom
 s - a +0 hand crossbow (weapon)
Missiles
 c - 23 bolts (quivered)
 i - 67 stones
Armour
 a - a +2 scale mail (worn)
 d - a +2 cloak (worn)
 k - a +0 hat (worn)
Jewellery
 p - a ring of magical power (left hand)
 q - an uncursed ring of flight
 u - a ring of resist corrosion (right hand)
Wands
 j - a wand of flame (45)
Scrolls
 b - a scroll of blinking
 e - a scroll of enchant weapon {unknown}
 g - 2 scrolls of immolation
 l - 3 scrolls of remove curse {@r2}
 m - a scroll of enchant armour {unknown}
 r - a scroll of amnesia {unknown}
 t - a scroll of fog {unknown}
Comestibles
 f - 4 rations
 o - 4 chunks of flesh


   Skills:
 + Level 2.9 Fighting
   Level 2.1 Bows
 + Level 3.7 Crossbows
 - Level 1.0 Throwing
 + Level 3.7 Armour
 + Level 1.6 Dodging
 * Level 3.5 Unarmed Combat
 - Level 1.0 Evocations


You had 5 spell levels left.
You didn't know any spells.

Dungeon Overview and Level Annotations

Branches:
Dungeon (5/15)             Temple (1/1) D:4

Altars:
Ashenzari
Cheibriados
Elyvilon
Fedhas
Gozag
Hepliaklqana
Kikubaaqudgha
Okawaru
Qazlal
Ru
Sif Muna
Uskayaw
Wu Jian
Xom
Yredelemnul
The Shining One

Annotations:
D:3 1 runed door


Innate Abilities, Weirdness & Mutations

You have a beak for a mouth.
You have claws for feet.
You can fly.
You are partially covered in iridescent scales. (AC +2)
You are clumsy. (Dex -2)
You are robust. (+10% HP)


Message History

The centaur is heavily wounded.
The centaur hits you.
The centaur hits you but does no damage.
Firing (i - inventory. (/) - cycle)
c - 24 bolts (quivered)
Press: ? - help, Shift-Dir - straight line, f/p - jelly
Aim: a jelly (lightly wounded)
You shoot a bolt. The bolt hits the jelly.
The jelly is heavily wounded.
The centaur barely misses you. The centaur hits you. The jelly hits you.
* * * LOW HITPOINT WARNING * * *
You are splashed with acid!
The acid burns!
You resist.
* * * LOW HITPOINT WARNING * * *
Unknown command.
Okay, then.
Okay, then.
You feel agile all of a sudden. The centaur closely misses you.
The jelly hits you.
* * * LOW HITPOINT WARNING * * *
You are splashed with acid!
The acid burns!
You resist.
You die...

#.......# ####........
........... (
#.......... ...
#..............
....#...............
#..........#..........
......(@J.............
.#......c.............
.........(.......#..#
..........(....#.†..#
##........#....(...#
####.........((#..#
....###...(...##..
...### ###(.......####
♣##...###....#


You could see a centaur and a jelly.

Vanquished Creatures
  An ogre (D:5)
  A howler monkey (D:5)
  4 adders
  An ooze (D:3)
  A worm (D:2)
  4 dart slugs
  4 leopard geckos
  An orc (D:3)
  A giant cockroach (D:2)
  4 goblins
  8 hobgoblins
  18 jackals
  A quokka (D:2)
  7 bats
  7 frilled lizards
  A jackal skeleton (D:4)
  A jackal zombie (D:3)
  6 kobolds
  2 quokka skeletons
  3 rats
76 creatures vanquished.

Notes
Turn   | Place    | Note
-------+----------+-------------------------------------------
     0 | D:1      | Sergey the Tengu Wanderer began the quest for the Orb.
     0 | D:1      | Sergey set off with: a +2 scale mail, a +0 hand crossbow, 22 bolts, a potion of lignification, a ration
     0 | D:1      | Reached XP level 1. HP: 12/12 MP: 2/2
   129 | D:1      | Reached XP level 2. HP: 13/16 MP: 3/3
   137 | D:1      | Reached skill level 1 in Unarmed Combat
   345 | D:2      | Reached XP level 3. HP: 9/21 MP: 4/4
   568 | D:3      | Reached XP level 4. HP: 17/26 MP: 5/5
   657 | D:4      | Found a staircase to the Ecumenical Temple.
   679 | D:5      | Entered Level 5 of the Dungeon
   691 | Temple   | Entered the Ecumenical Temple
   733 | Temple   | Became a worshipper of Cheibriados the Contemplative
   826 | D:3      | Found a runed door.
   827 | D:3      | Found a glowing golden altar of the Shining One.
   827 | D:3      | Noticed an angel
   948 | D:2      | Found a stormy altar of Qazlal.
   951 | D:2      | Found a blossoming altar of Fedhas.
   974 | D:2      | Found a basalt altar of Yredelemnul.
   976 | D:2      | Found a deep blue altar of Sif Muna.
  1087 | D:2      | Gained mutation: You are robust. (+10% HP) [potion of mutation]
  1087 | D:2      | Gained mutation: You are clumsy. (Dex -2) [potion of mutation]
  1087 | D:2      | Gained mutation: You are partially covered in iridescent scales. (AC +2) [potion of mutation]
  1234 | D:2      | Reached * piety under Cheibriados
  1247 | D:2      | Gained mutation: You can fly. [Tengu growth]
  1247 | D:2      | Reached XP level 5. HP: 26/34 MP: 6/6
  1519 | D:5      | Noticed an ogre
  1521 | D:5      | Killed an ogre
  1521 | D:5      | Reached skill level 1 in Dodging
  1580 | D:5      | Reached XP level 6. HP: 39/39 MP: 7/7
  1608 | D:5      | Splashed by a jelly's acid

Vault maps used:
D:1:      mrwooster_arrival_statue_3
D:2:      grunt_temple_overflow_forces_of_nature, makhleb_grotto_becter,
          chequers_temple_overflow_statue_of_worship, first_ration,
          serial_bayou_pond_b
D:3:      wad_crossroads, lemuel_doored_altar, minmay_misc_feat_diagonals,
          lemuel_angel_altar
D:4:      temple_pool_b, minmay_cut_off
D:5:      cheibrodos_iron_armory, lemuel_crystal_altar,
          kennysheep_cross_bottleneck, nrook_mini_backslash, lemuel_statue_altar
Temple:   dshaligram_water_room_temple

Skill      XL: |  1  2  3  4  5 |
---------------+----------------+-----
Unarmed Combat | 1 2 3 |  3.5
Fighting       | 2 |  2.9
Crossbows      | 3 |  3.7
Dodging        | 1 |  1.6
Bows           | |  2.1
Throwing       | |  1.0
Armour         | |  3.7
Evocations     | |  1.0

Action                   |  1- 3 |  4- 6 || total
-------------------------+-------+-------++-------
Melee: Unarmed           |    18 |     3 ||    21
       Peck              |     4 |       ||     4
       Kick              |     2 |     1 ||     3
 Fire: Hand crossbow     |    80 |   108 ||   188
Throw: Stone             |     9 |       ||     9
  Use: Scroll            |     4 |     6 ||    10
       Potion            |     1 |     3 ||     4
  Eat: Chunk             |       |     2 ||     2
Armor: Scale mail        |    58 |    56 ||   114
       Skin              |     6 |       ||     6
Dodge: Dodged            |    51 |    49 ||   100

Table legend:
 A = Spawn XP
 B = Non-spawn XP
 C = Spawn XP percentage of total XP
 D = Spawn monster count
 E = Non-spawn monster count
 F = Spawn count percentage of total count
 G = Total turns spent on level
                    A         B        C        D         E        F      G
               +---------+---------+-------+---------+---------+-------+---------
         Total |       0 |     355 |   0.0 |       0 |      76 |   0.0 |  1608
               +---------+---------+-------+---------+---------+-------+---------
           D:1 |       0 |      33 |   0.0 |       0 |      18 |   0.0 |   409
           D:2 |       0 |      73 |   0.0 |       0 |      25 |   0.0 |   418
           D:3 |       0 |      55 |   0.0 |       0 |      15 |   0.0 |   451
           D:4 |       0 |      17 |   0.0 |       0 |       8 |   0.0 |   186
           D:5 |       0 |     177 |   0.0 |       0 |      10 |   0.0 |    92
               +---------+---------+-------+---------+---------+-------+---------
